 Seeded DCSS version 0.30.0-18-gc0e69614cb (webtiles) character file.

Game seed: 5 (custom seed)

14744 Kazon the Prestidigitator (level 11, -6/83 (92) HPs)
             Began as a Pale Draconian Berserker on May 19, 2023.
             Was a High Priest of Trog.
             Mangled by a death yak (19 damage)
             ... on level 2 of the Lair of Beasts on May 24, 2023.
             The game lasted 01:01:38 (8917 turns).

Kazon the Prestidigitator (DrBe)                    Turns: 8917, Time: 01:01:39

HP:   -6/83 (92)    AC: 20    Str: 19    XL:     11   Next: 92%
MP:   0/11          EV: 12    Int: 10    God:    Trog [*****.]
Gold: 564           SH: 15    Dex: 13    Spells: 10/10 levels left

rFire   . . .        v - +0 hand axe (vamp)
rCold   . . .        c - +0 tower shield
rNeg    . . .        (body armour unavailable)
rPois   +            (helmet restricted)
rElec   .            B - +0 cloak
rCorr   .            H - +0 pair of gloves
SInv    .            b - +2 pair of boots of Fedhas, Winnowing {+Inv rPois}
Will    .....        C - amulet of guardian spirit
Stlth   +++          I - +4 ring of protection
HPRegen 0.33/turn    M - +4 ring of protection
MPRegen 0.12/turn

%: guardian spirit
@: on berserk cooldown, very slightly contaminated, slowed, drained, invisible,
very slow
A: breathe steam, AC +7, unfitting armour, cold-blooded, steam resistance
a: Breathe Steam, Renounce Religion, Evoke Invisibility, Berserk, Trog's Hand,
Brothers in Arms


You were on level 2 of the Lair of Beasts.
You worshipped Trog.
Trog was extremely pleased with you.
You visited 2 branches of the dungeon, and saw 11 of its levels.
You also visited: Ossuary.

You collected 764 gold pieces.
You spent 200 gold pieces at shops.

Inventory:

Hand Weapons
 a - a +2 antimagic broad axe
 e - a +0 short sword of protection
 f - a +0 hand axe of flaming
 v - a +0 vampiric hand axe (weapon)
Missiles
 k - 16 boomerangs (quivered)
 n - 2 throwing nets
 u - 13 poisoned darts
 w - 4 javelins
 z - 4 silver boomerangs
Armour
 b - the +2 pair of boots of Fedhas, Winnowing (worn) {+Inv rPois}
   (You acquired it on level 1 of the Dungeon)

   rPois:     It protects you from poison.
   +Inv:      It lets you turn invisible.
 c - a +0 tower shield (worn)
 B - a +0 cloak (worn)
 H - a +0 pair of gloves (worn)
Jewellery
 q - a ring of magical power
 C - an amulet of guardian spirit (around neck)
 I - a +4 ring of protection (left hand)
 M - a +4 ring of protection (right hand)
Wands
 y - a wand of paralysis (12)
 P - a wand of digging (7)
 Q - a wand of light (5)
Scrolls
 g - 3 scrolls of fog {unknown}
 h - 3 scrolls of vulnerability {unknown}
 i - 4 scrolls of identify
 l - 4 scrolls of teleportation {unknown}
 m - 3 scrolls of blinking {unknown}
 o - 2 scrolls of summoning {unknown}
 p - 2 scrolls of magic mapping {unknown}
 x - a scroll of torment {unknown}
 A - a scroll of amnesia {unknown}
 E - a scroll of poison {unknown}
 G - 2 scrolls of enchant armour {unknown}
 K - 2 scrolls of fear {unknown}
 L - a scroll of enchant weapon {unknown}
Potions
 d - a potion of resistance
 j - 6 potions of curing
 r - 4 potions of flight
 s - 2 potions of berserk rage
 t - 3 potions of invisibility {unknown}
 D - a potion of lignification {unknown}
 F - 4 potions of heal wounds
 J - a potion of haste {unknown}
 N - a potion of cancellation {unknown}
 O - a potion of degeneration {unknown}
 R - a potion of ambrosia {unknown}


   Skills:
 + Level 7.5 Fighting
 + Level 5.1 Short Blades
 + Level 7.6 Axes
 + Level 3.5 Throwing
 + Level 7.7 Dodging
 + Level 4.2 Stealth
 + Level 9.5 Shields
 * Level 9.7 Evocations


You had 10 spell levels left.
You didn't know any spells.
Your spell library was empty.

Dungeon Overview and Level Annotations

Branches:
Dungeon (9/15)             Temple (0/1) D:4            Lair (2/5) D:8
Ossuary (visited)
  Swamp: Lair:2-3    Shoals: Lair:2-3     Snake: Lair:2-3    Spider: Lair:2-3
    Orc: D:9-12

Altars:
Dithmenos
Fedhas
Hepliaklqana
Qazlal
Wu Jian
Xom

Shops:
D:8 *


Innate Abilities, Weirdness & Mutations

You can breathe blasts of scalding, opaque steam.
Your pale cyan-grey scales are hard. (AC +7)
You cannot fit into any form of body armour.
You are cold-blooded and may be slowed by cold attacks.
You are immune to the effects of steam.


Message History

The death yak gores you but does no damage.
The death yak gores you!! You block the death yak's attack.
The death yak gores you!
You barely miss the death yak.
The death yak is severely wounded.
You hit the death yak but do no damage. You block the death yak's attack. x2
You barely miss the death yak.
The death yak is severely wounded.
You completely miss the death yak. The death yak closely misses you.
You block the death yak's attack. x2; The death yak gores you.
You hit the death yak.
You feel better.
The death yak is severely wounded.
You hit the death yak but do no damage. You block the death yak's attack.
The death yak gores you but does no damage. x2
You block the death yak's attack.
You barely miss the death yak. You tail-slap the death yak.
The death yak is severely wounded.
You hit the death yak.
You feel better. You block the death yak's attack. The death yak gores you!
* * * LOW HITPOINT WARNING * * *
The death yak gores you.
* * * LOW HITPOINT WARNING * * *
The death yak gores you!!
* * * LOW HITPOINT WARNING * * *
You hit the death yak.
You feel better.
The death yak is severely wounded.
You barely miss the death yak. You block the death yak's attack.
The death yak gores you but does no damage. x2
You block the death yak's attack.
Unknown command.
You feel much better. The death yak gores you!
* * * LOW HITPOINT WARNING * * *
You block the death yak's attack.
You feel drained.
You fade into invisibility!
You are very lightly contaminated with residual magic.
The death yak gores you.
* * * LOW HITPOINT WARNING * * *
The death yak barely misses you. The death yak gores you!!
You die...

..............#
..#....#......#
.#.......P#..P#
Y..##.#.......#
....~~#......P#
...#~~#.......#
...#...Y.....##
#......Y#Y#.##
##.###.#@####
#####


You could see 3 death yaks.

Vanquished Creatures
  A hydra (Lair:2)
  A two-headed ogre (D:7)
  Maurice (D:9)
  3 cane toads
  A komodo dragon (Lair:2)
  2 polar bears (D:8)
  A hornet (D:9)
  4 blink frogs (Lair:1)
  2 shadows (D:9)
  Sigmund (D:4)
  2 vampires (D:9)
  3 wyverns
  14 yaks
  4 basilisks
  A steam dragon (D:8)
  Duvessa (D:6)
  7 water moccasins
  An ice beast (D:8)
  An orc warrior (D:9)
  A sky beast (D:7)
  5 black bears
  11 wolves
  5 centaurs
  2 ogres
  An elf zombie (Ossuary)
  2 kobold brigands
  6 bullfrogs
  A gnoll sergeant (D:8)
  3 scorpions
  14 wights
  8 killer bees
  Dowan (D:6)
  4 howler monkeys
  A vampire bat (D:7)
  An electric eel (D:8)
  6 hounds
  A wyvern simulacrum (D:8)
  A centaur zombie (Ossuary)
  4 orc priests
  3 human zombies (Ossuary)
  A jelly (D:5)
  6 iguanas
  9 orc wizards
  4 ogre zombies (Ossuary)
  A centaur simulacrum (D:8)
  7 mummies (Ossuary)
  11 gnolls
  9 adders
  A shadow imp (D:8)
  A white imp (D:7)
  2 ufetubi
  A worm zombie (D:7)
  2 adder zombies (Ossuary)
  3 worms
  24 orcs
  12 bats
  9 endoplasms
  A giant cockroach (D:1)
  12 goblins
  7 hobgoblins
  11 jackals
  15 kobolds
  3 quokkas (D:4)
  5 ball pythons
  3 frilled lizards
  4 goblin zombies (Ossuary)
  6 hobgoblin zombies
  3 kobold zombies
  4 quokka zombies (Ossuary)
  4 rats
  4 rat zombies (Ossuary)
317 creatures vanquished.

Vanquished Creatures (collateral kills)
  4 wolves (Lair:1)
4 creatures vanquished.

Grand Total: 321 creatures vanquished

Notes
Turn   | Place    | Note
-------+----------+-------------------------------------------
     0 | D:1      | Kazon the Draconian Berserker began the quest for the Orb.
     0 | D:1      | Reached XP level 1. HP: 19/19 MP: 1/1
    51 | D:1      | Identified a scroll of acquirement
    51 | D:1      | Acquired the +2 pair of boots of Fedhas, Winnowing {+Inv
                  | rPois}
   116 | D:1      | Reached XP level 2. HP: 23/26 MP: 2/2
   143 | D:1      | Upgraded the game from 0.30.0-15-g856e2d3f33 to
                  | 0.30.0-18-gc0e69614cb
   516 | D:1      | Reached XP level 3. HP: 29/33 MP: 3/3
   665 | D:1      | Reached ** piety under Trog
  1191 | D:2      | Reached XP level 4. HP: 29/40 MP: 4/4
  1594 | D:2      | Reached skill level 1 in Evocations
  1779 | D:3      | Reached *** piety under Trog
  1792 | D:3      | Found a blossoming altar of Fedhas.
  1820 | D:3      | Reached skill level 1 in Throwing
  1939 | D:3      | Found a stormy altar of Qazlal.
  2080 | D:3      | Found a faded altar of an unknown god.
  2103 | D:3      | Identified the +2 sling "Qeuhanocyt" {speed, rElec Str-3
                  | Dex+2}
  2279 | D:4      | Found a staircase to the Ecumenical Temple.
  2312 | D:4      | Noticed a scorpion
  2335 | D:4      | Killed a scorpion
  2336 | D:4      | Reached skill level 1 in Short Blades
  2336 | D:4      | Reached XP level 5. HP: 43/46 MP: 5/5
  2530 | D:4      | Reached skill level 1 in Shields
  2661 | D:4      | Noticed Sigmund
  2668 | D:4      | Killed Sigmund
  2669 | D:4      | Reached skill level 1 in Stealth
  2669 | D:4      | Reached XP level 6. HP: 52/52 MP: 6/6
  2718 | D:4      | Found a hazy altar of Hepliaklqana.
  2722 | D:4      | Found a shadowy altar of Dithmenos.
  2722 | D:4      | Noticed a shadow
  2931 | D:4      | Your scales start taking on a pale cyan-grey colour.
  2931 | D:4      | Reached XP level 7. HP: 43/60 MP: 7/7
  2931 | D:4      | Gained mutation: You are immune to the effects of steam.
                  | [Pale Draconian growth]
  3035 | D:5      | Entered Level 5 of the Dungeon
  3252 | D:5      | Reached skill level 5 in Fighting
  3556 | D:6      | Noticed Dowan
  3561 | D:6      | Killed Dowan
  3562 | D:6      | Reached XP level 8. HP: 63/68 MP: 8/8
  3562 | D:6      | Noticed Duvessa
  3573 | D:6      | Killed Duvessa
  3668 | D:6      | Found a shimmering altar of Xom.
  3673 | D:6      | Reached **** piety under Trog
  4058 | D:6      | Reached skill level 5 in Dodging
  4133 | D:7      | Reached skill level 5 in Shields
  4166 | D:7      | Reached XP level 9. HP: 73/73 MP: 9/9
  4174 | D:7      | Reached skill level 5 in Evocations
  4196 | D:7      | Reached skill level 5 in Axes
  4501 | D:7      | Found a sand-covered staircase.
  4506 | Ossuary  | Entered an ossuary
  5092 | D:7      | Reached ***** piety under Trog
  5195 | D:7      | Noticed a two-headed ogre
  5213 | D:7      | Killed a two-headed ogre
  5614 | D:8      | Noticed a polar bear
  5635 | D:8      | Killed a polar bear
  5636 | D:8      | Reached XP level 10. HP: 84/84 MP: 10/10
  6071 | D:8      | Found a staircase to the Lair.
  6120 | D:8      | Reached skill level 5 in Short Blades
  6702 | D:8      | Found Izo Qiri's Assorted Antiques.
  6711 | D:8      | Bought a scroll labelled WAUNLI UTHRAAG for 29 gold pieces
  6711 | D:8      | Bought a scroll labelled JIYFIZX FOFUA for 29 gold pieces
  6711 | D:8      | Bought a sedimented brown potion for 26 gold pieces
  6711 | D:8      | Bought a curved iron wand for 116 gold pieces
  7129 | D:9      | Received a gift from Trog
  7321 | D:9      | Reached XP level 11. HP: 29/91 MP: 2/11
  7654 | D:9      | Noticed Maurice
  7817 | D:9      | Killed Maurice
  7968 | Lair:1   | Entered Level 1 of the Lair of Beasts
  8694 | Lair:2   | Found an ornate altar of the Wu Jian Council.
  8724 | Lair:2   | Noticed a five-headed hydra
  8742 | Lair:2   | Killed a one-headed hydra
  8883 | Lair:2   | Noticed a death yak
  8886 | Lair:2   | Noticed a death yak
  8886 | Lair:2   | Noticed a death yak
  8917 | Lair:2   | Mangled by a death yak

Illustrated notes

Levels and vault maps discovered:
D:1:      ebering_trefoil_3fold, layout_basic, st_stairs_14, serial_bayou_ford_a
D:2:      layout_basic, hangedman_decor_growths, minmay_close_crescents
D:3:      layout_rooms, mainiacjoe_overflow_concentric_impassable,
          mainiacjoe_overflow_paths, shapermc_ecumenical_altar_acropolis,
          chequers_serial_rivers_micro_b
D:4:      layout_basic, riverfiend_overflow_shadow_ancestor,
          minmay_temple_entry_glass, uniq_sigmund
D:5:      layout_gridville
D:6:      layout_basic, xom_teletrap_fun, uniq_duvessa
D:7:      layout_loops_ring, enter_ossuary_3, roderic_batcave
D:8:      layout_layer_cave, minmay_lair_entry_grove, serial_shops,
          nicolae_lakefront_shop, serial_ice, serial_ice_o, serial_ice_d,
          serial_ice_k, serial_ice_a
D:9:      layout_loops_ring, nicolae_wwwww, uniq_maurice
Lair:1:   layout_big_grid, serial_bayou_pond_a
Lair:2:   layout_gridlike, basic_altar, uniq_amaemon

Skill      XL: |  1  2  3  4  5  6  7  8  9 10 11 |
---------------+----------------------------------+-----
Dodging        | 3 4 5 6 7 |  7.7
Fighting       | 4 5 6 7 |  7.5
Evocations     | 1 2 3 4 6 8 9 |  9.7
Throwing       | 1 2 3 |  3.5
Short Blades   | 1 2 3 4 5 |  5.1
Axes           | 4 5 6 7 |  7.6
Shields        | 1 2 3 5 6 8 9 |  9.5
Stealth        | 1 2 3 4 |  4.2

Action                     |  1- 3 |  4- 6 |  7- 9 | 10-12 || total
---------------------------+-------+-------+-------+-------++-------
  Melee: Hand axe          |    97 |    20 |   207 |   426 ||   750
         Short sword       |    58 |    64 |       |    32 ||   154
         Tailslap          |    14 |    20 |    73 |    73 ||   180
         Dagger            |       |   115 |   278 |       ||   393
         Broad axe         |       |       |       |    22 ||    22
         Unarmed           |       |       |       |     1 ||     1
  Throw: Stone             |       |     8 |    38 |     8 ||    54
         Dart              |       |     3 |       |    14 ||    17
         Boomerang         |       |       |       |    14 ||    14
 Invoke: Berserk           |       |     2 |     4 |     9 ||    15
         Trog's Hand       |       |     1 |     2 |     2 ||     5
         Brothers in Arms  |       |       |       |     1 ||     1
Ability: Evoke Invisibilit |       |     1 |       |     1 ||     2
         Breathe Steam     |       |       |    36 |    40 ||    76
    Use: Scroll            |     1 |       |     1 |     1 ||     3
         Potion            |       |       |       |     6 ||     6
   Stab: Sleeping          |     1 |     2 |    13 |     4 ||    20
         Invisible         |       |     4 |       |       ||     4
         Distracted        |       |       |     1 |     1 ||     2
 Armour: Skin              |    69 |    85 |   140 |   218 ||   512
  Dodge: Dodged            |    64 |    89 |   179 |   221 ||   553
  Block: Tower shield      |    53 |   128 |   388 |   475 ||  1044
